 Dungeon Crawl Stone Soup version 0.27.1 (webtiles) character file.

Game seed: 7664658456609037990

6370 safid the Cleaver (level 10, 0/93 HPs)
             Began as a Hill Orc Fighter on Aug 30, 2021.
             Slain by a tengu warrior (4 damage)
             ... on level 13 of the Dungeon on Sept 1, 2021.
             The game lasted 00:27:11 (9433 turns).

safid the Cleaver (Hill Orc Fighter)                Turns: 9433, Time: 00:27:12

Health: 0/93       AC: 12    Str: 23    XL:     10   Next: 97%
Magic:  0/13       EV:  5    Int:  8    God:
Gold:   360        SH:  0    Dex: 10    Spells: 9/9 levels left

rFire    . . .     SeeInvis .   a - +0 war axe (venom)
rCold    + . .     Faith    .   c - +0 kite shield
rNeg     . . .     Spirit   +   l - +4 ring mail {rC+}
rPois    .         Reflect  .   n - +0 helmet
rElec    .         Harm     .   (no cloak)
rCorr    .         Rampage  .   (no gloves)
Will     .....                  q - +0 pair of boots
Stlth    ..........             h - amulet of guardian spirit
HPRegen  0.25/turn              (no ring)
MPRegen  0.13/turn              (no ring)

@: petrifying (expiring), very slow
A: no striking features
a: no special abilities


You were on level 13 of the Dungeon.
You visited 1 branch of the dungeon, and saw 13 of its levels.
You also visited: Ossuary.

You collected 360 gold pieces.

Inventory:

Hand Weapons
 a - a +0 war axe of venom (weapon)
Missiles
 g - 170 stones (quivered)
 m - 10 datura-tipped darts
 p - 11 atropa-tipped darts
 z - 6 javelins
Armour
 c - a +0 kite shield (worn)
 l - a +4 ring mail of cold resistance (worn)
 n - a +0 helmet (worn)
 q - a +0 pair of boots (worn)
Jewellery
 h - an amulet of guardian spirit (around neck)
Wands
 d - a wand of flame (3)
 j - a wand of digging (1)
 r - a wand of iceblast (5)
Scrolls
 e - a scroll of fog
 i - 2 scrolls of fear
 s - a scroll of holy word {unknown}
 u - 2 scrolls of amnesia {unknown}
 v - a scroll of enchant weapon {unknown}
 w - 3 scrolls of silence
 y - 2 scrolls of teleportation
 B - a scroll of torment {unknown}
 C - a scroll of magic mapping {unknown}
Potions
 o - a potion of resistance
 t - 3 potions of might
 D - 2 potions of mutation
 E - a potion of haste
 F - 2 potions of flight {unknown}
 G - a potion of invisibility
 H - a potion of curing
 I - a potion of heal wounds {unknown}


   Skills:
 - Level 10.0 Fighting
 + Level 12.5 Axes
 - Level 5.0 Armour
 + Level 10.7 Shields
 - Level 4.0 Invocations


You had 9 spell levels left.
You didn't know any spells.
Your spell library was empty.

Dungeon Overview and Level Annotations

Branches:
Dungeon (13/15)            Temple (0/1) D:5         Ossuary (visited)
   Lair: D:8-11         Orc: D:9-12      Vaults: D:13-14

Altars:
Gozag
Nemelex Xobeh
Trog
Yredelemnul
Zin
The Shining One

Shops:
D:2 (

Annotations:
D:2 1 runed translucent door, Crazy Yiuf
D:4 1 transporter


Message History

The tengu warrior closely misses you.
Unknown command.
The tengu warrior blocks your attack.
You closely miss the basilisk. The basilisk gazes at you.
You resist with some effort. The tengu warrior closely misses you.
You block the tengu warrior's attack.
The tengu warrior claws you but does no damage.
Unknown command.
You miss the tengu warrior. You slash the basilisk!
The basilisk looks as sick as possible!
The basilisk gazes at you. You resist with some effort.
The tengu warrior hits you with a +0 long sword!
* * * LOW HITPOINT WARNING * * *
The tengu warrior pecks you but does no damage.
The tengu warrior claws you but does no damage.
You miss the tengu warrior. You hit the basilisk.
The basilisk looks as sick as possible!
The basilisk gazes at you.
You are slowing down.
The tengu warrior hits you with a +0 long sword.
* * * LOW HITPOINT WARNING * * *
The tengu warrior pecks you but does no damage.
The tengu warrior claws you but does no damage.
You hit the tengu warrior.
The tengu warrior is lightly wounded.
You barely miss the basilisk.
You kill the basilisk!
The tengu warrior hits you with a +0 long sword.
The tengu warrior pecks you.
The tengu warrior claws you but does no damage.
Your limbs are stiffening.
You barely miss the tengu warrior.
The tengu warrior is lightly wounded.
The tengu warrior hits you with a +0 long sword!
* * * LOW HITPOINT WARNING * * *
The tengu warrior pecks you but does no damage.
The tengu warrior barely misses you.
The tengu warrior hits you with a +0 long sword!
You die...

... .... . ....##
###### ..
.....##..#.##...
..............
#..#..†......
#...#@...[...
#....Q.......
#.<..........
#........##.......
#.......## #......
........# ......
......... ......
........^ ##....
.......## #..


You could see a tengu warrior.

Vanquished Creatures
  A two-headed ogre (D:12)
  Pikel (D:5)
  An ugly thing (D:12)
  Maurice (D:8)
  A gargoyle (D:11)
  3 trolls
  Eustachio (D:6)
  A basilisk (D:13)
  Menkaure (D:6)
  A steam dragon (D:7)
  Edmund (D:6)
  2 water moccasins (D:6)
  4 orc warriors
  2 sky beasts
  2 ogres
  A centaur (D:7)
  A lemure (D:5)
  2 phantoms (D:5)
  A bullfrog (D:8)
  2 wyvern zombies
  3 scorpions (D:5)
  2 water moccasin skeletons
  3 howler monkeys (D:7)
  A centaur zombie (Ossuary)
  A bullfrog zombie (D:5)
  2 human zombies (Ossuary)
  3 jellies
  3 gnoll shamans
  2 iguanas
  4 orc priests
  3 hounds
  Ijyb (D:5)
  Jessica (D:2)
  6 orc wizards
  A killer bee zombie (D:8)
  4 mummies (Ossuary)
  A howler monkey zombie (D:5)
  A howler monkey skeleton (D:4)
  Robin (D:2)
  19 gnolls
  2 adders
  2 shadow imps
  2 white imps (D:7)
  An ufetubus (D:7)
  7 dart slugs
  23 orcs
  4 bats
  8 endoplasms
  5 giant cockroaches (D:1)
  12 goblins
  8 hobgoblins
  12 jackals
  A quokka (D:1)
  7 ball pythons
  2 frilled lizards (D:2)
  2 hobgoblin zombies (Ossuary)
  8 kobolds
  2 kobold zombies (Ossuary)
  An orc zombie (Ossuary)
  4 rats
205 creatures vanquished.

Notes
Turn   | Place    | Note
-------+----------+-------------------------------------------
     0 | D:1      | safid the Hill Orc Fighter began the quest for the Orb.
     0 | D:1      | Reached XP level 1. HP: 19/19 MP: 1/1
    15 | D:1      | Reached skill level 3 in Axes
   107 | D:1      | Reached XP level 2. HP: 27/27 MP: 2/2
   343 | D:1      | Found a faded altar of an unknown god.
   482 | D:1      | Reached skill level 1 in Invocations
   522 | D:1      | Reached XP level 3. HP: 30/33 MP: 3/3
  1252 | D:2      | Reached XP level 4. HP: 35/40 MP: 5/5
  1514 | D:2      | Noticed Jessica
  1520 | D:2      | Killed Jessica
  1521 | D:2      | Reached skill level 4 in Axes
  1521 | D:2      | Reached XP level 5. HP: 47/47 MP: 6/6
  1858 | D:2      | Noticed Robin
  1892 | D:2      | Killed Robin
  2122 | D:2      | Found Natuecal's Weapon Emporium.
  2325 | D:2      | Found a runed translucent door.
  2326 | D:2      | Noticed Crazy Yiuf
  2747 | D:3      | Reached XP level 6. HP: 31/53 MP: 5/8
  3107 | D:4      | Found a basalt altar of Yredelemnul.
  3269 | D:4      | Reached skill level 5 in Fighting
  3275 | D:4      | Reached skill level 5 in Axes
  3511 | D:4      | Found a sparkling altar of Nemelex Xobeh.
  3511 | D:4      | Found a transporter.
  3512 | D:4      | Noticed a steam dragon
  3598 | D:5      | Entered Level 5 of the Dungeon
  3598 | D:5      | Noticed Pikel
  3617 | D:5      | Killed Pikel
  3618 | D:5      | Reached skill level 7 in Axes
  3618 | D:5      | Reached skill level 5 in Armour
  3618 | D:5      | Reached skill level 5 in Shields
  3618 | D:5      | Reached XP level 7. HP: 5/61 MP: 3/10
  3618 | D:5      | Reached XP level 8. HP: 6/68 MP: 3/11
  3928 | D:5      | Found a staircase to the Ecumenical Temple.
  3944 | D:5      | Noticed Ijyb
  4222 | D:5      | Killed Ijyb
  4343 | D:4      | Reached skill level 8 in Axes
  4546 | D:5      | Found a glowing golden altar of the Shining One.
  4769 | D:5      | Found a glowing silver altar of Zin.
  4769 | D:5      | Found an opulent altar of Gozag.
  4846 | D:5      | HP: 1/70 [orc priest/divine providence (8)]
  5334 | D:5      | Noticed a troll
  5341 | D:5      | Killed a troll
  5342 | D:5      | Reached skill level 9 in Axes
  5342 | D:5      | Reached XP level 9. HP: 47/79 MP: 7/12
  5755 | D:6      | Noticed Edmund
  5767 | D:6      | Killed Edmund
  5768 | D:6      | Noticed Menkaure
  5769 | D:6      | Noticed Eustachio
  5776 | D:6      | Killed Menkaure
  5787 | D:6      | Killed Eustachio
  6085 | D:6      | Reached skill level 10 in Axes
  6934 | D:7      | Reached XP level 10. HP: 86/90 MP: 11/13
  7218 | D:7      | Reached skill level 11 in Axes
  7874 | D:8      | Noticed Maurice
  7894 | D:8      | Killed Maurice
  8167 | D:8      | Found a sand-covered staircase.
  8171 | Ossuary  | Entered an ossuary
  8511 | D:10     | Entered Level 10 of the Dungeon
  8546 | D:10     | Found a bloodstained altar of Trog.
  8600 | D:10     | Noticed a two-headed ogre
  8651 | D:11     | Noticed a gargoyle
  8662 | D:11     | Killed a gargoyle
  8925 | D:12     | Noticed a two-headed ogre
  8935 | D:12     | Killed a two-headed ogre
  8936 | D:12     | Reached skill level 10 in Fighting
  8936 | D:12     | Reached skill level 10 in Shields
  8989 | D:12     | Reached skill level 12 in Axes
  9398 | D:12     | Noticed a white ugly thing
  9409 | D:12     | Killed a white ugly thing
  9421 | D:13     | Noticed a tengu warrior
  9433 | D:13     | HP: 4/93 [tengu warrior (5)]
  9433 | D:13     | Slain by a tengu warrior

Illustrated notes

Levels and vault maps discovered:
D:1:      dpeg_arrival_prison, layout_loops_ring,
          dilly_ecumenical_altar_fadedgnrine
D:2:      layout_basic, serial_shops, shop, uniq_jessica, uniq_robin,
          uniq_crazy_yiuf_cottage
D:3:      layout_basic, kennysheep_cluttered_room, uniq_sigmund
D:4:      layout_rooms, mainiacjoe_overflow_concentric_impassable,
          grunt_nemelex_the_gamble
D:5:      minmay_inner_zag, layout_loops_ring,
          grunt_temple_overflow_gold_and_silver, lemuel_tele_altar,
          minmay_temple_entry_glass, uniq_ijyb, uniq_pikel
D:6:      layout_cave_pools, feat_on_display, uniq_eustachio, uniq_menkaure,
          uniq_edmund
D:7:      layout_basic
D:8:      layout_loops_ring, enter_ossuary_5, serial_shops, nicolae_square_shop,
          minmay_shop_damaged, uniq_maurice
D:9:      minmay_flawed_box, layout_basic, nicolae_wu_jian_wuxing_cycle,
          jmf_multi_god_temple, special_room [special_room_bee]
D:10:     layout_basic, mainiacjoe_overflow_cross_hatched, zombieorc2_lemuel
D:11:     layout_basic, lair_entry_dummy
D:12:     layout_roguey [special_room_orc],
          ploomutoo_gammafunk_ghost_potion_laboratory, minmay_puff
D:13:     layout_cave_pools, grunt_vaults_entry_tiered, slow_altar_1

Skill      XL: |  1  2  3  4  5  6  7  8  9 10 |
---------------+-------------------------------+-----
Axes           | 3 4 7 9 10 12 | 12.5
Invocations    | 1 2 3 4 |  4.0
Fighting       | 4 5 7 8 10 | 10.0
Armour         | 4 5 |  5.0
Shields        | 4 5 7 8 10 | 10.7

Action                   |  1- 3 |  4- 6 |  7- 9 | 10-12 || total
-------------------------+-------+-------+-------+-------++-------
Melee: War axe           |    84 |   197 |   226 |   187 ||   694
Throw: Stone             |       |       |     3 |       ||     3
  Use: Scroll            |       |     6 |       |     5 ||    11
       Potion            |       |     5 |     1 |       ||     6
Armor: Scale mail        |    41 |    70 |     6 |       ||   117
       Ring mail         |       |       |    88 |    73 ||   161
Dodge: Dodged            |    30 |    56 |    72 |    64 ||   222
Block: Kite shield       |    53 |   105 |   107 |    93 ||   358
